 Dungeon Crawl Stone Soup version 0.25-a0-1078-gea6e5d949a (webtiles) character file.

Game seed: 12420529902528003003, levelgen mode: deterministic

152 Maedhros the Sneak (level 5, -2/33 HPs)
             Began as an Octopode Artificer on May 15, 2020.
             Slain by a worm (10 damage)
             ... on level 5 of the Dungeon.
             The game lasted 00:03:29 (513 turns).

Maedhros the Sneak (Octopode Artificer)              Turns: 513, Time: 00:03:30

Health: -2/33      AC:  1    Str: 11    XL:     5   Next: 34%
Magic:  7/7        EV: 13    Int: 13    God:
Gold:   28         SH:  0    Dex: 14    Spells: 4/4 levels left

rFire    + . .     SeeInvis .   h - +4 dagger
rCold    + . .     Gourm    .   (no shield)
rNeg     . . .     Faith    .   (helmet restricted)
rPois    +         Spirit   .   (no amulet)
rElec    +         Reflect  .   (no ring)
rCorr    +         Harm     .   (no ring)
MR       .....                  (no ring)
Stlth    ++++......             (no ring)
HPRegen  0.11/turn              (no ring)
MPRegen  0.10/turn              (no ring)
                                (no ring)
                                (no ring)

@: resistant (expiring)
A: almost no armour, stealthy swim, amphibious, 8 rings, constrict 8, camouflage
1, gelatinous body 1
a: no special abilities


You were on level 5 of the Dungeon.
You were not hungry.

You visited 1 branch of the dungeon, and saw 5 of its levels.

You collected 28 gold pieces.

Inventory:

Hand Weapons
 g - a +0 vorpal mace
 h - a +4 dagger (weapon)
Wands
 b - a wand of flame (40)
 c - a wand of enslavement (17)
 d - a wand of random effects (11)
Scrolls
 j - 3 scrolls of identify {unknown}
 k - a scroll of blinking {unknown}
 l - a scroll of teleportation {unknown}
Potions
 a - 2 potions of cancellation
 e - 2 potions of degeneration {unknown}
 i - 2 potions of might {unknown}
Comestibles
 f - 2 rations


   Skills:
 - Level 1.0 Fighting
 - Level 1.0 Short Blades
 + Level 4.0 Maces & Flails
 - Level 2.0 Dodging
 - Level 4.0 Stealth
 - Level 3.2 Evocations


You had 4 spell levels left.
You didn't know any spells.
Your spell library was empty.

Dungeon Overview and Level Annotations

Branches:
Dungeon (5/15)
 Temple: D:4-7

Altars:
Trog
Wu Jian


Innate Abilities, Weirdness & Mutations

You cannot wear most types of armour.
You are very stealthy in the water. (Stealth+)
You are amphibious.
You can wear up to eight rings at the same time.
You can use your tentacles to constrict eight enemies at once.
Your skin changes colour to match your surroundings (Stealth+).
Your rubbery body absorbs attacks. (AC +1, EV +1)


Message History

You puncture the hound! You grab the hound.
The hound is almost dead.
You constrict the hound. The hound completely misses you.
You hit the hound.
You kill the hound!
Your Maces & Flails skill increases to level 4!
You start to feel less resistant.
The worm bites you!
You see here a hound corpse.
You hit the worm. You grab the worm.
The worm is moderately wounded.
You constrict the worm. You hit the worm. You squeeze the worm.
The worm is severely wounded.
You constrict the worm. The worm bites you!
* * * LOW HITPOINT WARNING * * *
You hit the worm.
The worm is almost dead.
You constrict the worm. The worm bites you!
You die...

##########
#.@w.....#
#........#
#...)....#
#.......(#
#....$...#
#........#
#...<.$..#
######.###
.#


You could see a worm.

Vanquished Creatures
  A hound (D:5)
  An orc wizard (D:4)
  A worker ant (D:5)
  2 adders (D:3)
  2 leopard geckos
  2 giant cockroaches (D:1)
  3 goblins (D:1)
  A hobgoblin (D:1)
  A ball python (D:4)
  A bat (D:1)
  A frilled lizard (D:1)
  3 kobolds
  A rat (D:1)
20 creatures vanquished.

Vanquished Creatures (collateral kills)
  An orc wizard (D:4)
  Ijyb (D:3)
  2 orcs (D:4)
  A jackal skeleton (D:4)
5 creatures vanquished.

Grand Total: 25 creatures vanquished

Notes
Turn   | Place    | Note
-------+----------+-------------------------------------------
     0 | D:1      | Maedhros the Octopode Artificer began the quest for the
                  | Orb.
     0 | D:1      | Reached XP level 1. HP: 13/13 MP: 3/3
   118 | D:1      | Reached XP level 2. HP: 17/18 MP: 4/4
   228 | D:3      | Noticed Ijyb
   268 | D:3      | Killed Ijyb
   268 | D:3      | Reached skill level 1 in Maces & Flails
   268 | D:3      | Reached XP level 3. HP: 12/23 MP: 5/5
   309 | D:3      | Found an ornate altar of the Wu Jian Council.
   349 | D:3      | Found a bloodstained altar of Trog.
   454 | D:4      | Reached XP level 4. HP: 16/28 MP: 6/6
   501 | D:5      | Entered Level 5 of the Dungeon
   502 | D:5      | Reached XP level 5. HP: 21/33 MP: 7/7
   513 | D:5      | Slain by a worm

Illustrated notes

Levels and vault maps discovered:
D:1:      dpeg_arrival_rooms_b, layout_loops_corners, minmay_misc_feat_plants
D:2:      minmay_inner_zag, layout_basic, first_ration
D:3:      layout_basic, lemuel_crystal_altar, lemuel_crystal_altar,
          lemuel_round_altar, old_standard_altar, uniq_robin, uniq_ijyb
D:4:      layout_basic, uniq_sigmund
D:5:      layout_basic, corexii_corridor_pit

Skill      XL: |  1  2  3  4  5 |
---------------+----------------+-----
Stealth        | 2 4 |  4.0
Maces & Flails | 1 2 3 4 |  4.0
Fighting       | |  1.0
Short Blades   | |  1.0
Dodging        | |  2.0
Evocations     | |  3.2

Action                   |  1- 3 |  4- 6 || total
-------------------------+-------+-------++-------
Melee: Short sword       |    36 |     6 ||    42
       Constrict         |     6 |     3 ||     9
       Tentacles         |     5 |     3 ||     8
       Dagger            |       |     6 ||     6
Evoke: Wand              |     9 |       ||     9
  Use: Potion            |     2 |       ||     2
 Stab: Sleeping          |     2 |     2 ||     4
       Paralysed         |     1 |       ||     1
Armor: Skin              |     4 |       ||     4
Dodge: Dodged            |    26 |     2 ||    28

Table legend:
 A = Non-vault XP
 B = Vault XP
 C = Vault XP percentage of total XP
 D = Non-vault monster count
 E = Vault monster count
 F = Vault count percentage of total count
                 A         B        C        D         E       F
            +---------+---------+-------+---------+---------+-------
      Total |     192 |      26 |  11.9 |      24 |       1 |   4.0
            +---------+---------+-------+---------+---------+-------
        D:1 |      18 |       0 |   0.0 |      11 |       0 |   0.0
        D:3 |      24 |      26 |  52.0 |       4 |       1 |  20.0
        D:4 |      72 |       0 |   0.0 |       7 |       0 |   0.0
        D:5 |      78 |       0 |   0.0 |       2 |       0 |   0.0
            +---------+---------+-------+---------+---------+-------
